 Dungeon Crawl Stone Soup version 0.26-a0-466-g989023bd0d (webtiles) character file.

Game seed: 11137275712964844452

4045 gruber the Destroyer (level 10, -3/63 HPs)
             Began as an Octopode Conjurer on Aug 7, 2020.
             Was an Initiate of Vehumet.
             Slain by a two-headed ogre
             ... wielding a +0 giant club
              (30 damage)
             ... on level 8 of the Dungeon.
             The game lasted 00:13:36 (11571 turns).

gruber the Destroyer (Octopode Conjurer)           Turns: 11571, Time: 00:13:37

Health: -3/63      AC:  1    Str:  7    XL:     10   Next: 24%
Magic:  9/16       EV: 16    Int: 24    God:    Vehumet [......]
Gold:   537        SH:  4    Dex: 10    Spells: 14/17 levels left

rFire    . . .     SeeInvis .   x - +1 whip (elec)
rCold    + . .     Faith    .   D - +0 buckler (curse)
rNeg     . . .     Spirit   .   (helmet restricted)
rPois    .         Reflect  .   (no amulet)
rElec    .         Harm     .   e - ring of protection from cold
rCorr    .                      y - +4 ring of slaying
MR       .....                  (no ring)
Stlth    +++.......             (no ring)
HPRegen  0.20/turn              (no ring)
MPRegen  0.15/turn              (no ring)
                                (no ring)
                                (no ring)

@: no status effects
A: almost no armour, stealthy swim, amphibious, 8 rings, constrict 8, camouflage
1, gelatinous body 1
a: Renounce Religion


You were on level 8 of the Dungeon.
You worshipped Vehumet.
Vehumet was noncommittal.
You visited 2 branches of the dungeon, and saw 9 of its levels.
You also visited: Ossuary.

You collected 537 gold pieces.

Inventory:

Hand Weapons
 o - a +4 spear
 x - a +1 whip of electrocution (weapon)
Missiles
 h - 4 atropa-tipped darts (quivered)
Armour
 D - a cursed +0 buckler (worn)
Jewellery
 e - a ring of protection from cold (left tentacle)
 y - a +4 ring of slaying (right tentacle)
Wands
 A - a wand of enslavement (6)
 C - a wand of polymorph (2)
Scrolls
 a - 14 scrolls of identify {unknown}
 c - 2 scrolls of blinking {unknown}
 f - a scroll of fear {unknown}
 g - 10 scrolls of remove curse {unknown}
 i - a scroll of teleportation {unknown}
 k - a scroll of enchant armour {unknown}
 l - 2 scrolls of amnesia {unknown}
 n - 2 scrolls of magic mapping {unknown}
 p - 4 scrolls of random uselessness {unknown}
 r - 5 scrolls of immolation {unknown}
 v - 3 scrolls of noise {unknown}
Potions
 b - 5 potions of curing {unknown}
 d - 2 potions of might {unknown}
 j - 3 potions of brilliance {unknown}
 m - 2 potions of lignification {unknown}
 q - 3 potions of ambrosia {unknown}
 s - 3 potions of mutation {unknown}
 t - 2 potions of haste {unknown}
 u - 4 potions of degeneration {unknown}
 w - 3 potions of stabbing {unknown}
 z - a potion of magic {unknown}
 B - a potion of resistance {unknown}


   Skills:
 - Level 4.0 Fighting
 - Level 8.4 Dodging
 - Level 3.3 Stealth
 * Level 3.4 Shields
 - Level 4.0 Spellcasting
 - Level 10.5 Conjurations


You had 14 spell levels left.
You knew the following spells:

 Your Spells              Type           Power        Failure   Level
a - Magic Dart            Conj           ####         1%          1
b - Searing Ray           Conj           ######       1%          2

Your spell library contained the following spells:

 Spells                   Type           Power        Failure   Level
 Dazzling Flash           Conj/Hex       ####..       3%          3
 Fulminant Prism          Conj/Hex       ####......   12%         4
 Iskenderun's Mystic Bla  Conj/Tloc      ####....     12%         4


Dungeon Overview and Level Annotations

Branches:
Dungeon (8/15)             Temple (1/1) D:7         Ossuary (visited)
   Lair: D:8-11

Altars:
Ashenzari
Cheibriados
Dithmenos
Elyvilon
Fedhas
Gozag
Hepliaklqana
Kikubaaqudgha
Makhleb
Nemelex Xobeh
Okawaru
Qazlal
Ru
Sif Muna
Trog
Uskayaw
Vehumet
Wu Jian
Xom
Yredelemnul
Zin

Annotations:
D:5 2 transporters, stazo's ghost, novice DsFi


Innate Abilities, Weirdness & Mutations

You cannot wear most types of armour.
You are very stealthy in the water. (Stealth+)
You are amphibious.
You can wear up to eight rings at the same time.
You can use your tentacles to constrict eight enemies at once.
Your skin changes colour to match your surroundings (Stealth+).
Your rubbery body absorbs attacks. (AC +1, EV +1)


Message History

The two-headed ogre is heavily wounded.
The searing ray misses the two-headed ogre.
The two-headed ogre hits you with a +0 giant club!
The two-headed ogre barely misses you.
The searing ray hits the two-headed ogre!
The two-headed ogre is severely wounded.
You finish channeling your searing ray.
The two-headed ogre hits you with a +0 giant club!!
The two-headed ogre misses you.
Casting: Searing Ray (safe; 1% risk of failure)
Confirm with . or Enter, or press ? or * to list all spells.
Aiming: Searing Ray (safe; 1% risk of failure)
Press: ? - help, Shift-Dir - straight line, f/p - two-headed ogre
Aim: a two-headed ogre, wielding two +0 giant clubs (severely wounded)
The searing ray hits the two-headed ogre!
The two-headed ogre is almost dead. (Press . to maintain the ray.)
The two-headed ogre barely misses you.
The two-headed ogre hits you with a +0 giant club!!
You die...

####.#### ######.#.#
#.# ##'##. #<# ##...##
#.### ##.....## #.#.##
##.......#
####....####.........#
...........'.........+
###....####.........#
#.#@## ##.......##
#.##O# ##.....## ..#
##)..## .## #+## .# .#
.# ..


You could see a two-headed ogre.

Vanquished Creatures
  Pikel (D:5)
  Joseph (D:7)
  3 yaks (D:8)
  An ice beast (D:6)
  2 black bears
  A sky beast (D:7)
  4 ogres
  A centaur (D:3)
  3 lemures (D:5)
  A gnoll sergeant (D:3)
  5 bullfrogs
  3 scorpions
  9 wights
  A howler monkey (D:7)
  2 centaur zombies
  A human zombie (Ossuary)
  A gnoll shaman (D:3)
  2 orc priests (D:4)
  2 hounds (D:6)
  An orc wizard (D:4)
  3 worker ants
  Ijyb (D:4)
  A big kobold zombie (Ossuary)
  4 mummies (Ossuary)
  45 gnolls
  A howler monkey skeleton (D:4)
  7 adders
  2 white imps
  2 ufetubi
  2 oozes (D:3)
  2 adder skeletons
  6 worms
  A dart slug (D:3)
  3 leopard geckos
  10 orcs
  2 ball pythons
  5 giant cockroaches
  9 goblins
  3 hobgoblins
  18 jackals (D:3)
  10 kobolds
  A quokka (D:7)
  6 bats
  2 frilled lizards
  2 goblin zombies (Ossuary)
  A hobgoblin zombie (Ossuary)
  2 kobold zombies (Ossuary)
  8 rats
  A rat zombie (D:4)
205 creatures vanquished.

Notes
Turn   | Place    | Note
-------+----------+-------------------------------------------
     0 | D:1      | gruber the Octopode Conjurer began the quest for the Orb.
     0 | D:1      | Reached XP level 1. HP: 11/11 MP: 3/3
   681 | D:1      | Reached XP level 2. HP: 13/17 MP: 5/5
   792 | D:1      | Learned a level 2 spell: Searing Ray
  1531 | D:2      | Reached XP level 3. HP: 21/21 MP: 2/6
  1596 | D:2      | Found an opulent altar of Gozag.
  1598 | D:2      | Found an ornate altar of the Wu Jian Council.
  2094 | D:2      | Reached XP level 4. HP: 11/27 MP: 3/7
  2096 | D:2      | Reached skill level 5 in Conjurations
  2891 | D:3      | Noticed a bullfrog
  2945 | D:3      | Killed a bullfrog
  2945 | D:3      | Reached XP level 5. HP: 13/32 MP: 0/9
  3148 | D:3      | Noticed an ogre
  3150 | D:3      | Reached skill level 1 in Fighting
  3153 | D:3      | Killed an ogre
  3153 | D:3      | Reached XP level 6. HP: 38/38 MP: 2/10
  3245 | D:3      | Reached skill level 6 in Conjurations
  3945 | D:3      | Reached XP level 7. HP: 38/45 MP: 5/12
  4794 | D:3      | Reached skill level 7 in Conjurations
  5449 | D:3      | Reached XP level 8. HP: 13/54 MP: 9/14
  6315 | D:4      | Found a sand-covered staircase.
  6325 | Ossuary  | Entered an ossuary
  6363 | Ossuary  | Reached skill level 8 in Conjurations
  7379 | D:4      | Noticed Ijyb
  7425 | D:4      | Killed Ijyb
  7579 | D:5      | Entered Level 5 of the Dungeon
  7610 | D:5      | Found a transporter.
  7740 | D:5      | Found a transporter.
  7743 | D:5      | Noticed stazo's ghost (novice DsFi)
  8214 | D:5      | Noticed Pikel
  8222 | D:5      | Killed Pikel
  8222 | D:5      | Reached skill level 5 in Dodging
  8222 | D:5      | Reached skill level 9 in Conjurations
  8222 | D:5      | Reached XP level 9. HP: 6/58 MP: 7/15
  8921 | D:6      | Found a shimmering blue altar of Sif Muna.
  8991 | D:6      | Found a shattered altar of Ashenzari.
  9835 | D:7      | Reached skill level 10 in Conjurations
 10104 | D:7      | Noticed Joseph
 10244 | D:7      | Found a staircase to the Ecumenical Temple.
 10263 | Temple   | Entered the Ecumenical Temple
 10355 | Temple   | Became a worshipper of Vehumet
 10977 | D:7      | Killed Joseph
 10977 | D:7      | Reached XP level 10. HP: 28/63 MP: 8/16
 11314 | D:7      | Found a radiant altar of Vehumet.
 11440 | D:8      | Reached skill level 1 in Shields
 11566 | D:8      | Noticed a two-headed ogre
 11571 | D:8      | Slain by a two-headed ogre

Illustrated notes

Levels and vault maps discovered:
D:1:      dpeg_arrival_shelter, layout_basic
D:2:      layout_basic, chequers_temple_overflow_statue_of_worship
D:3:      lemuel_castle_with_subvaults [lemuel_castle_interior_original],
          layout_rooms
D:4:      layout_basic, enter_ossuary_4, hangedman_glass_teeth, uniq_ijyb
D:5:      layout_basic, gammafunk_ghost_arena, uniq_pikel
D:6:      layout_basic, overflow_temple_1_default, lemuel_round_altar
D:7:      layout_basic, minmay_temple_entry_statues, basic_altar,
          nicolae_underground_beach, uniq_joseph
D:8:      layout_loops_corners, nicolae_tso_carved_into_rock, uniq_harold,
          uniq_erica
Temple:   minmay_temple_bridge_d

Skill      XL: |  1  2  3  4  5  6  7  8  9 10 |
---------------+-------------------------------+-----
Conjurations   | 5 6 7 9 10 | 10.5
Dodging        | 3 5 8 |  8.4
Fighting       | 1 2 4 |  4.0
Spellcasting   | 3 4 |  4.0
Stealth        | 3 |  3.3
Shields        | 3 |  3.4

Action                   |  1- 3 |  4- 6 |  7- 9 | 10-12 || total
-------------------------+-------+-------+-------+-------++-------
Melee: Unarmed           |    43 |       |    21 |       ||    64
       Constrict         |    11 |     8 |     9 |       ||    28
       Spear             |     8 |    54 |    51 |       ||   113
       Tentacles         |     1 |     6 |     7 |       ||    14
       Whip              |       |       |    12 |       ||    12
Throw: Dart              |       |     1 |       |       ||     1
 Cast: Magic Dart        |    13 |     6 |     9 |       ||    28
       Searing Ray       |    10 |    17 |    86 |     7 ||   120
 Stab: Sleeping          |     4 |     1 |     6 |       ||    11
       Distracted        |       |       |     2 |       ||     2
       Confused          |       |       |     1 |       ||     1
Armor: Skin              |    10 |     2 |     3 |       ||    15
Dodge: Dodged            |    38 |    37 |    68 |     3 ||   146
Block: Buckler           |       |       |       |     3 ||     3

Table legend: (Time is in decaauts)
 A = Elapsed time spent in this place.
 B = Non-inter-level travel time spent in this place.
 C = Inter-level travel time spent in this place.
 D = Time resting spent in this place.
 E = Time spent auto-exploring this place.
 F = Levels seen in this place.
 G = Mean time per level.
                   A        B        C        D        E       F      G
               +--------+--------+--------+--------+--------+-----+--------+
         Total |  11549 |  11185 |    364 |    636 |   8836 |  10 | 1154.9 |
       Dungeon |  10768 |  10501 |    267 |    636 |   8242 |   8 | 1346.0 |
        Temple |    163 |     66 |     97 |      0 |     64 |   1 |  163.0 |
       Ossuary |    617 |    617 |      0 |      0 |    530 |   1 |  617.0 |
               +--------+--------+--------+--------+--------+-----+--------+

Top non-repeatable levels by time:
     D:3: 3038 daAuts
     D:2: 1454 daAuts
     D:7: 1369 daAuts
     D:1: 1345 daAuts
     D:6: 1264 daAuts
     D:4: 1127 daAuts
     D:5: 1013 daAuts
 Ossuary: 617 daAuts
  Temple: 163 daAuts
     D:8: 155 daAuts
